[Event "Titled Tuesday Blitz August 22 Late 2023"]
[White "Duda, Jan-Krzysztof"]
[Black "Grischuk, Alexander"]
[WhiteFideId "1170546"]
[BlackFideId "4126025"]
[WhiteElo "3093"]
[BlackElo "3013"]
[Result "1-0"]
[Round "11"]
[TimeControl "180+1"]
[Date "2023.08.22"]
[WhiteClock "0:00:05"]
[BlackClock "0:00:00"]
[Board "4"]

1. e4 e5 2. Nf3 Nc6 3. Bb5 Nf6 4. d3 Bc5 5. Bxc6 dxc6 6. Nbd2 Be6 7. O-O Nd7 8. Nb3 Bb6 9. Ng5 Bxb3 10. axb3 Qe7 11. Kh1 f6 12. Nf3 Nc5 13. Nd2 Ne6 14. Nc4 a6 15. Bd2 O-O-O 16. b4 h5 17. Nxb6+ cxb6 18. Ra3 b5 19. Qe1 Nd4 20. Qb1 g5 21. Be3 g4 22. c3 Ne6 23. Qc2 h4 24. f4 exf4 25. Bxf4 Nxf4 26. Rxf4 Qd6 27. Rxg4 Qxd3 28. Qxd3 Rxd3 29. h3 Rd2 30. Ra1 Rxb2 31. Rf1 Rc2 32. Rxf6 Rxc3 33. Rg7 Rd8 34. Rff7 Rd1+ 35. Kh2 Rcc1 36. Rg8+ Rd8 37. Rgg7 Rdd1 38. Rf8+ Rd8 39. Rf4 Rc4 40. Rxh4 Rxb4 41. Rhh7 Rxe4 42. Rxb7 Rg8 43. Ra7 Kb8 44. Rhb7+ Kc8 45. Rf7 Kb8 46. Rab7+ Ka8 47. g4 c5 48. Ra7+ Kb8 49. Rxa6 b4 50. Rb6+ Ka8 51. Rb5 Rc4 52. Kg3 Rc3+ 53. Kf4 Rxh3 54. Ra5+ Kb8 55. Rxc5 Rc3 56. Rb5+ Ka8 57. Rxb4 Rc6 58. Rf5 Ra6 59. g5 Rh8 60. Kg4 Rg8 61. Rbf4 Kb7 62. Rf8 Rgg6 63. R8f6 1-0


[Site "https://www.chess.com"]

[Event "Titled Tuesday Blitz August 22 Late 2023"]
[White "Deac, Bogdan-Daniel"]
[Black "Hakobyan, Aram"]
[WhiteFideId "1226380"]
[BlackFideId "13306677"]
[WhiteElo "3047"]
[BlackElo "2997"]
[Result "0-1"]
[Round "11"]
[TimeControl "180+1"]
[Date "2023.08.22"]
[WhiteClock "0:00:02"]
[BlackClock "0:00:27"]
[Board "5"]

1. e4 c5 2. Nf3 d6 3. h3 Nf6 4. Nc3 e5 5. Bc4 Be7 6. d3 h6 7. Nh2 Be6 8. Ng4 Nbd7 9. O-O O-O 10. Qf3 a6 11. a4 Nxg4 12. hxg4 Bg5 13. Qe2 Bxc1 14. Raxc1 Qg5 15. f3 Nf6 16. Qf2 h5 17. gxh5 Nxh5 18. Ne2 Nf4 19. Nxf4 exf4 20. Qd2 Rad8 21. g4 d5 22. Bxd5 Bxd5 23. exd5 Rxd5 24. Rce1 f5 25. Qg2 fxg4 26. fxg4 Rd6 27. Kf2 f3 28. Qg3 Qd2+ 29. Kg1 f2+ 0-1


[Site "https://www.chess.com"]

[Event "Titled Tuesday Blitz August 22 Late 2023"]
[White "Matlakov, Maxim"]
[Black "Sargsyan, Shant"]
[WhiteFideId "4168003"]
[BlackFideId "13306766"]
[WhiteElo "3027"]
[BlackElo "2940"]
[Result "1-0"]
[Round "11"]
[TimeControl "180+1"]
[Date "2023.08.22"]
[WhiteClock "0:00:07"]
[BlackClock "0:00:05"]
[Board "6"]

1. d4 Nf6 2. Nf3 g6 3. c4 Bg7 4. Nc3 O-O 5. e4 d6 6. Be2 Na6 7. O-O e5 8. Be3 Qe7 9. dxe5 dxe5 10. Nd5 Qd8 11. Qc2 c6 12. Nxf6+ Bxf6 13. c5 Nc7 14. h3 Qe7 15. b4 Ne6 16. Rfd1 Nf4 17. Bc4 Be6 18. Rd6 a5 19. Bxf4 exf4 20. e5 Bg7 21. Bxe6 fxe6 22. Rad1 axb4 23. Rd7 Qe8 24. Rxb7 Rf7 25. Rxb4 Rfa7 26. a4 h6 27. Rd6 g5 28. Qb3 Kh8 29. Rxe6 Qg8 30. Rxc6 Qxb3 31. Rxb3 Rxa4 32. Rcb6 Kh7 33. Rb7 Rc4 34. Rd7 Rc1+ 35. Kh2 Raa1 36. g4 Ra2 37. Rd2 Rxd2 38. Nxd2 Bxe5 39. Kg2 Rxc5 40. Rb7+ Kg6 41. Nf3 Bf6 42. Rb6 Kf7 43. Ra6 Rb5 44. Nd2 Rb4 45. Kf3 Bg7 46. Ne4 Rb3+ 47. Ke2 Rxh3 48. Ra7+ Kg8 49. Ra8+ Kh7 50. Ra7 Rb3 51. f3 Rb2+ 52. Kf1 Rb1+ 53. Kg2 Kg8 54. Ra8+ Kf7 55. Ra7+ Kg6 56. Ra6+ Kh7 57. Ra7 Rb6 58. Kf1 Kg6 59. Ke2 Bd4 60. Ra2 Re6 61. Kd3 Bg7 62. Ra5 Rb6 63. Rd5 Rb3+ 64. Ke2 Re3+ 65. Kf2 Ra3 66. Rd6+ Kh7 67. Rd7 Ra6 68. Rb7 Kg6 69. Rd7 Ra2+ 70. Kf1 Be5 71. Nc5 Ra1+ 72. Kg2 Ra2+ 73. Kf1 Ra3 74. Kg2 h5 75. gxh5+ Kxh5 76. Rd5 Ra2+ 77. Kf1 Bf6 78. Ne4 Be7 79. Re5 Ra7 80. Rd5 Kh4 81. Kg2 Ra2+ 82. Rd2 Ra3 83. Rd1 Kh5 84. Rh1+ Kg6 85. Rb1 g4 86. fxg4 f3+ 87. Kg3 Bd8 88. Rc1 Bb6 89. Rc6+ Kf7 90. Rxb6 Re3 91. Rf6+ Kg7 92. Rf4 f2+ 93. Kxf2 Ra3 94. Kg2 Kg6 95. Nf2 Kg5 96. Rf5+ Kg6 97. Re5 Kf6 98. Rf5+ Kg6 99. Rf3 Ra4 100. Kg3 Kg5 101. Rf5+ Kg6 102. Nh3 Ra1 103. Nf4+ Kh6 104. Rh5+ Kg7 105. Rd5 Kh6 106. Rd6+ Kg7 107. Kh4 Ra4 108. Nh5+ Kh7 109. Kg5 Ra5+ 110. Kh4 Ra4 111. Rf6 Rb4 112. Kg5 Rb5+ 113. Rf5 Rb7 114. Nf6+ Kg7 115. Nh5+ Kh7 116. Rd5 Ra7 117. Rd7+ Kg8 118. Rxa7 Kh8 119. Kg6 1-0


[Site "https://www.chess.com"]

[Event "Titled Tuesday Blitz August 22 Late 2023"]
[White "Pakleza, Zbigniew"]
[Black "Nihal Sarin"]
[WhiteFideId "1119290"]
[BlackFideId "25092340"]
[WhiteElo "2881"]
[BlackElo "3143"]
[Result "0-1"]
[Round "11"]
[TimeControl "180+1"]
[Date "2023.08.22"]
[WhiteClock "0:00:00"]
[BlackClock "0:00:53"]
[Board "7"]

1. d4 a6 2. e4 c6 3. Bd3 d5 4. exd5 cxd5 5. c3 Nc6 6. Bf4 g6 7. Nd2 Bf5 8. Bxf5 gxf5 9. Ngf3 e6 10. O-O Nf6 11. h3 Rg8 12. Re1 Bd6 13. Bxd6 Qxd6 14. Ne5 Ne4 15. Ndf3 f6 16. Nxc6 bxc6 17. Qe2 Ra7 18. Kf1 Rag7 19. Qxa6 Rxg2 20. Qc8+ Ke7 21. Qb7+ Kd8 22. Qa8+ Kd7 23. Qb7+ Qc7 24. Qxc7+ Kxc7 25. Re2 R2g6 26. a4 Rh6 27. Ng1 f4 28. Rc2 f3 29. a5 e5 30. a6 Nd6 31. Nxf3 Rxh3 32. dxe5 Rh1+ 33. Ke2 Rxa1 34. exd6+ Kxd6 35. Nd4 Rxa6 36. b4 c5 37. bxc5+ Kxc5 38. Rd2 h5 39. Nf5 Re6+ 40. Kf3 Re5 41. Ne3 h4 42. Rd4 Rh5 43. Rd1 h3 44. Rh1 h2 45. Ng4 Rf5+ 46. Kg3 Rfg5 47. f3 f5 48. Rxh2 fxg4 49. f4 R5g7 50. Rd2 Re7 51. Rd3 Rge8 52. Kxg4 Re3 53. Rd1 Rxc3 54. f5 Rf8 55. Rf1 d4 56. f6 d3 57. Kf5 d2 58. Rd1 Rd3 59. Ke6 Rd6+ 60. Ke7 Rfxf6 61. Ra1 Rfe6+ 62. Kf7 Re1 63. Ra5+ Kb6 0-1


[Site "https://www.chess.com"]

[Event "Titled Tuesday Blitz August 22 Late 2023"]
[White "Andreikin, Dmitry"]
[Black "Troff, Kayden"]
[WhiteFideId "4158814"]
[BlackFideId "2047896"]
[WhiteElo "2997"]
[BlackElo "2776"]
[Result "1-0"]
[Round "11"]
[TimeControl "180+1"]
[Date "2023.08.22"]
[WhiteClock "0:00:51"]
[BlackClock "0:00:01"]
[Board "8"]

1. d4 Nf6 2. c4 g6 3. Nc3 d5 4. cxd5 Nxd5 5. e4 Nxc3 6. bxc3 Bg7 7. Be3 c5 8. Qd2 Qa5 9. Nf3 O-O 10. Rb1 b6 11. Bd3 Ba6 12. Bxa6 Qxa6 13. Bh6 cxd4 14. Bxg7 Kxg7 15. cxd4 Nc6 16. d5 Na5 17. h4 Rac8 18. h5 Qc4 19. Rh4 Qc3 20. h6+ Kg8 21. Rd1 Qxd2+ 22. Rxd2 Rc1+ 23. Ke2 Rfc8 24. e5 Nc4 25. Rdd4 Rc2+ 26. Kf1 Rc1+ 27. Ke2 Rc2+ 28. Kd3 Nb2+ 29. Ke4 Rxf2 30. d6 exd6 31. exd6 Re2+ 32. Kf4 f6 33. Kg3 Rd8 34. d7 Kf7 35. Rd6 b5 36. Rf4 Re6 37. Ng5+ Ke7 38. Rxe6+ Kxd7 39. Rfxf6 1-0


[Site "https://www.chess.com"]

[Event "Titled Tuesday Blitz August 22 Late 2023"]
[White "Paravyan, David"]
[Black "Mendez Fortes, Eduardo Jesus"]
[WhiteFideId "4194985"]
[BlackFideId "3502376"]
[WhiteElo "2973"]
[BlackElo "2681"]
[Result "1-0"]
[Round "11"]
[TimeControl "180+1"]
[Date "2023.08.22"]
[WhiteClock "0:02:17"]
[BlackClock "0:01:29"]
[Board "9"]

1. e4 c5 2. Nf3 d6 3. d4 cxd4 4. Nxd4 Nf6 5. Nc3 a6 6. f3 e5 7. Nb3 Be7 8. Be3 Be6 9. Qd2 h5 10. Nd5 Nxd5 11. exd5 Bf5 12. Be2 Nd7 13. O-O a5 14. a4 O-O 15. f4 Be4 16. Bxh5 Qc7 17. fxe5 Nxe5 18. Nd4 Nc4 19. Qc3 Qc8 20. Rae1 Bxd5 21. Nf5 Bf6 22. Nh6+ Kh8 23. Rxf6 gxf6 24. Qxf6+ Kh7 25. Nf5 1-0


[Site "https://www.chess.com"]

[Event "Titled Tuesday Blitz August 22 Late 2023"]
[White "Kravtsiv, Martyn"]
[Black "Ozkan, Taha"]
[WhiteFideId "14113147"]
[BlackFideId "34577173"]
[WhiteElo "2905"]
[BlackElo "2667"]
[Result "1-0"]
[Round "11"]
[TimeControl "180+1"]
[Date "2023.08.22"]
[WhiteClock "0:01:32"]
[BlackClock "0:01:00"]
[Board "10"]

1. e4 e6 2. d4 d5 3. e5 c5 4. c3 Qb6 5. Nf3 Nc6 6. Be2 cxd4 7. cxd4 Nh6 8. Bxh6 Qxb2 9. O-O Qxa1 10. Qb3 gxh6 11. Nc3 Qxf1+ 12. Kxf1 a6 13. Qc2 Bd7 14. Na4 Nb4 15. Qb3 Bb5 16. Nc5 Bxe2+ 17. Kxe2 Bxc5 18. dxc5 a5 19. a3 Na6 20. Qb5+ Kf8 21. Nd4 Kg7 22. Nxe6+ fxe6 23. Qd7+ Kg6 24. Qxe6+ Kg7 25. Qe7+ Kg8 26. Qxb7 Re8 27. Qxa6 Rxe5+ 28. Kd3 1-0


[Site "https://www.chess.com"]

[Event "Titled Tuesday Blitz August 22 Late 2023"]
[White "Naroditsky, Daniel"]
[Black "Di Berardino, Diego Rafael"]
[WhiteFideId "2026961"]
[BlackFideId "2105446"]
[WhiteElo "3145"]
[BlackElo "2677"]
[Result "1-0"]
[Round "11"]
[TimeControl "180+1"]
[Date "2023.08.22"]
[WhiteClock "0:01:09"]
[BlackClock "0:00:18"]
[Board "11"]

1. e4 c5 2. Nf3 b6 3. d4 cxd4 4. Nxd4 Bb7 5. Nc3 Nf6 6. Bd3 Nc6 7. Nxc6 Bxc6 8. O-O e6 9. e5 Nd5 10. Ne4 Qc7 11. c4 Nb4 12. Bf4 Nxd3 13. Qxd3 Be7 14. Rfe1 O-O 15. Ng5 Bxg5 16. Bxg5 f6 17. exf6 gxf6 18. Bh6 Rf7 19. Re3 Kh8 20. Rg3 Rg8 21. Re1 Rxg3 22. hxg3 e5 23. Rd1 Qc8 24. Qd6 Qg8 25. b4 Qg6 26. Qb8+ Qg8 27. Qxa7 f5 28. Qxb6 Rf6 29. Rxd7 Re6 30. Bg7+ 1-0


[Site "https://www.chess.com"]

[Event "Titled Tuesday Blitz August 22 Late 2023"]
[White "Jaracz, Pawel"]
[Black "Svane, Rasmus"]
[WhiteFideId "1102222"]
[BlackFideId "4657101"]
[WhiteElo "2738"]
[BlackElo "2980"]
[Result "0-1"]
[Round "11"]
[TimeControl "180+1"]
[Date "2023.08.22"]
[WhiteClock "0:00:10"]
[BlackClock "0:00:24"]
[Board "12"]

1. e4 c6 2. d4 d5 3. e5 Bf5 4. c4 e6 5. Nc3 Ne7 6. a3 Nd7 7. cxd5 Nxd5 8. Nxd5 cxd5 9. Bd3 Bg6 10. Ne2 Qa5+ 11. Bd2 Qb6 12. Bc3 Bxd3 13. Qxd3 Qa6 14. Qg3 g6 15. h4 h5 16. Qf3 Be7 17. g3 Nb8 18. Kf1 Nc6 19. Kg2 Kd7 20. Nf4 Raf8 21. Rac1 Qb5 22. Rc2 Rc8 23. Rhc1 Rhf8 24. Kh3 Rc7 25. Kg2 Rfc8 26. Rd1 Ke8 27. g4 hxg4 28. Qxg4 Kd7 29. Rd3 Rh8 30. Rh3 Nxd4 31. Rd2 Nf5 32. Nxd5 exd5 33. a4 Qc6 34. e6+ Qxe6 35. Qf3 Nxh4+ 36. Rxh4 Rxh4 0-1


[Site "https://www.chess.com"]

[Event "Titled Tuesday Blitz August 22 Late 2023"]
[White "Arias, Juan Cruz"]
[Black "Vasquez Schroeder, Rodrigo"]
[WhiteFideId "118540"]
[BlackFideId "3400042"]
[WhiteElo "2696"]
[BlackElo "2967"]
[Result "0-1"]
[Round "11"]
[TimeControl "180+1"]
[Date "2023.08.22"]
[WhiteClock "0:00:00"]
[BlackClock "0:00:55"]
[Board "13"]

1. d4 Nf6 2. Nf3 g6 3. Nbd2 Bg7 4. e4 d6 5. Bb5+ c6 6. Bd3 O-O 7. O-O Qc7 8. a4 e5 9. c3 Nbd7 10. a5 Rb8 11. Re1 b5 12. axb6 axb6 13. h3 b5 14. Qc2 c5 15. d5 c4 16. Bf1 Nc5 17. b4 Ncd7 18. Nh2 Nb6 19. Ndf3 Bd7 20. Be3 Ra8 21. Nd2 Nh5 22. g3 f5 23. exf5 gxf5 24. Rxa8 Rxa8 25. g4 Nf6 26. gxf5 Nbxd5 27. Ng4 Nxe3 28. Rxe3 Nxg4 29. hxg4 d5 30. Rh3 e4 31. Bg2 Re8 32. Nf1 Qe5 33. Qd2 Bc6 34. Qg5 Qf6 35. Qd2 h6 36. Qd1 Ra8 37. Qc1 Qg5 38. Qd1 Ra2 39. Ne3 Bxc3 40. Nc2 Qd2 41. Qxd2 Bxd2 42. Nd4 Ra1+ 43. Bf1 Bd7 44. Kg2 Kg7 45. Be2 Bxb4 46. f6+ Kxf6 47. Rxh6+ Ke5 48. Nc2 Rb1 49. g5 Bd2 50. Rh7 Bf5 51. Re7+ Kd6 52. Rf7 Be6 53. Rf6 Ke5 54. Rg6 Rb2 0-1


[Site "https://www.chess.com"]

[Event "Titled Tuesday Blitz August 22 Late 2023"]
[White "Martinez Ramirez, Lennis"]
[Black "Zhigalko, Sergei"]
[WhiteFideId "3509079"]
[BlackFideId "13502956"]
[WhiteElo "2741"]
[BlackElo "2955"]
[Result "1-0"]
[Round "11"]
[TimeControl "180+1"]
[Date "2023.08.22"]
[WhiteClock "0:01:15"]
[BlackClock "0:00:00"]
[Board "14"]

1. Nf3 d5 2. c4 d4 3. b4 Bg4 4. g3 e6 5. Bg2 c6 6. b5 Nf6 7. Ne5 Bd6 8. bxc6 bxc6 9. Nxg4 Nxg4 10. d3 Qa5+ 11. Nd2 O-O 12. O-O Rc8 13. Nb3 Qh5 14. h3 Ne5 15. Nxd4 Nbd7 16. Rb1 h6 17. Be3 Qg6 18. Qe1 Nc5 19. f4 Ned7 20. Nxc6 Kh8 21. g4 a6 22. Nd4 Rab8 23. f5 Qf6 24. fxe6 Qe5 25. Bf4 Qxd4+ 26. e3 Qxd3 27. exd7 Nxd7 28. Rd1 Qxc4 29. Rxd6 Nf6 30. Rxf6 gxf6 31. Qh4 1-0


[Site "https://www.chess.com"]

[Event "Titled Tuesday Blitz August 22 Late 2023"]
[White "Dominguez Perez, Leinier"]
[Black "Alex_Sahakyan2006"]
[WhiteFideId "3503240"]
[WhiteElo "2917"]
[BlackElo "2688"]
[Result "1-0"]
[Round "11"]
[TimeControl "180+1"]
[Date "2023.08.22"]
[WhiteClock "0:00:07"]
[BlackClock "0:00:31"]
[Board "15"]

1. e4 c5 2. Nf3 Nc6 3. d4 cxd4 4. Nxd4 g6 5. c4 Nf6 6. Nc3 d6 7. f3 Nxd4 8. Qxd4 Bg7 9. Be3 O-O 10. Qd2 a5 11. b3 Bd7 12. Rc1 Bc6 13. Be2 Nd7 14. O-O Nc5 15. Rb1 f5 16. exf5 Rxf5 17. Rf2 Qf8 18. Bd1 Qf6 19. Ne2 Rh5 20. Ng3 Rh4 21. Bg5 Qd4 22. Bxh4 Qxh4 23. Ne2 Rf8 24. Bc2 Kh8 25. Re1 Bh6 26. Qd4+ Qf6 27. Qxf6+ Rxf6 28. Nc3 Re6 29. Rfe2 Rxe2 30. Rxe2 e5 31. Be4 Ne6 32. Kf2 Nd4 33. Rb2 Bc1 34. Rb1 Ba3 35. Ne2 Ne6 36. Nc3 Bc5+ 37. Kf1 Kg7 38. Rd1 Nd4 39. Bxc6 bxc6 40. Ne2 Ba3 41. Nxd4 exd4 42. Rxd4 Kf6 43. Rd3 Ke5 44. Ke2 Bc5 45. g3 g5 46. Rd1 h5 47. Kd3 Bf2 48. Rd2 Bc5 49. Re2+ Kf6 50. Re8 Bg1 51. h3 Bf2 52. g4 h4 53. Rc8 c5 54. Re8 Bg3 55. Ke4 Be1 56. Ra8 Ke6 57. Re8+ Kf7 58. Rh8 Ke6 59. Rh6+ Ke7 60. Kd5 Bg3 61. Re6+ Kd7 62. Rg6 Bf4 63. Rg7+ Kd8 64. Kc6 Ke8 65. Rd7 Kf8 66. Rxd6 Bxd6 67. Kxd6 Kf7 68. Kxc5 Ke6 69. Kd4 Kd6 70. a3 a4 71. bxa4 Kc6 72. c5 Kb7 73. Kd5 Ka6 74. c6 Kb6 75. Kd6 Ka7 76. c7 Kb7 77. Kd7 Kb6 78. c8=Q Ka5 79. Qc3+ Ka6 80. Qb4 Ka7 81. Kc7 Ka8 82. Qb5 Ka7 83. a5 Ka8 84. a6 Ka7 85. Qb4 Ka8 86. f4 Ka7 87. fxg5 Ka8 88. g6 Ka7 89. g7 Ka8 90. a7 Kxa7 91. g8=Q Ka6 92. Qgc4+ Ka7 93. Qcc5+ Ka8 94. Qc6+ Ka7 95. Qa5# 1-0


[Site "https://www.chess.com"]

[Event "Titled Tuesday Blitz August 22 Late 2023"]
[White "Korchmar, Vasiliy"]
[Black "Elsa167"]
[WhiteFideId "24131750"]
[WhiteElo "2686"]
[BlackElo "2897"]
[Result "0-1"]
[Round "11"]
[TimeControl "180+1"]
[Date "2023.08.22"]
[WhiteClock "0:00:00"]
[BlackClock "0:00:09"]
[Board "16"]

1. e4 e6 2. d4 d5 3. e5 c5 4. c3 Nc6 5. Nf3 Qb6 6. Be2 Bd7 7. O-O Nge7 8. Na3 cxd4 9. cxd4 Nf5 10. Nc2 Rc8 11. Bd3 Nb4 12. Bxf5 exf5 13. Nxb4 Bxb4 14. Bd2 Be7 15. Bc3 f4 16. Qd2 g5 17. Ne1 Bb5 18. Nd3 Qa6 19. Rfd1 Bxd3 20. Qxd3 Qxd3 21. Rxd3 Kd7 22. Kf1 Ke6 23. Ke2 h5 24. Rd2 Rc4 25. Kd3 Rhc8 26. Rc2 f6 27. Re2 Kf5 28. Rae1 b5 29. a3 R4c6 30. f3 Bxa3 31. exf6 Kxf6 32. h4 gxh4 33. Re5 b4 34. Bd2 Bxb2 35. Bxb4 Bc3 36. Be7+ Kg6 37. Rg5+ Kf7 38. Rf5+ Kg7 39. Ree5 Rg6 40. Rxd5 Rxg2 41. Bxh4 Rd2+ 42. Ke4 Re8+ 43. Kxf4 Rxd4+ 44. Rxd4 Bxd4 0-1


[Site "https://www.chess.com"]

[Event "Titled Tuesday Blitz August 22 Late 2023"]
[White "Zhu, Jiner"]
[Black "Gorovets, Andrey"]
[WhiteFideId "8608059"]
[BlackFideId "13504037"]
[WhiteElo "2680"]
[BlackElo "2814"]
[Result "1-0"]
[Round "11"]
[TimeControl "180+1"]
[Date "2023.08.22"]
[WhiteClock "0:00:03"]
[BlackClock "0:00:00"]
[Board "17"]

1. e4 c5 2. Nf3 Nc6 3. d4 cxd4 4. Nxd4 Nf6 5. Nc3 e5 6. Ndb5 d6 7. Bg5 a6 8. Na3 Be6 9. Nc4 Rb8 10. Ne3 Be7 11. Bxf6 Bxf6 12. Ncd5 Bg5 13. c3 O-O 14. Be2 g6 15. O-O Kh8 16. a4 Bh6 17. Qd3 f5 18. exf5 gxf5 19. f4 e4 20. Qd2 Na5 21. Rad1 Rc8 22. b4 Nc6 23. a5 Bg7 24. Nb6 Rb8 25. Bc4 Qf6 26. Bxe6 Qxe6 27. Rc1 Rbd8 28. Rfd1 Ne7 29. g3 h6 30. Nbd5 Nc6 31. Nb6 Kh7 32. Qd5 Qg6 33. Kf2 Qh5 34. Kg1 Ne5 35. fxe5 dxe5 36. Qxb7 Rxd1+ 37. Rxd1 f4 38. Qxe4+ Kh8 39. Rf1 Re8 40. Nf5 Bf6 41. Nd5 Bg5 42. Qf3 Qg6 43. Qe4 fxg3 44. hxg3 Bf4 45. Kg2 Rg8 46. Rf3 Bg5 47. Nde7 Bxe7 48. Qxe5+ Bf6 49. Qd5 Re8 50. Qd3 Re5 51. Nh4 1-0


[Site "https://www.chess.com"]

[Event "Titled Tuesday Blitz August 22 Late 2023"]
[White "Diaz Camallonga, Carles"]
[Black "Omelja, Artem"]
[WhiteFideId "22235256"]
[BlackFideId "14119846"]
[WhiteElo "2813"]
[BlackElo "2662"]
[Result "1-0"]
[Round "11"]
[TimeControl "180+1"]
[Date "2023.08.22"]
[WhiteClock "0:00:34"]
[BlackClock "0:00:00"]
[Board "18"]

1. e4 c5 2. Nf3 e6 3. d4 cxd4 4. Nxd4 Nc6 5. Nb5 d6 6. c4 Nf6 7. N1c3 a6 8. Na3 Be7 9. Be2 O-O 10. O-O b6 11. Be3 Bb7 12. Qb3 Nd7 13. Rac1 Rb8 14. Rfd1 Qc7 15. Qc2 Nc5 16. Qd2 Rfd8 17. Nc2 Bf6 18. f3 Ne5 19. Nd4 h6 20. b4 Ncd7 21. Nd5 exd5 22. cxd5 Nc5 23. bxc5 bxc5 24. Nf5 Bc8 25. Ng3 Rb2 26. Rc2 Rxc2 27. Qxc2 Bd7 28. Nh5 Be7 29. h3 Bb5 30. f4 Nd7 31. Bf3 Nf6 32. Ng3 Re8 33. Bc1 Qd7 34. Qc3 Bf8 35. Bb2 c4 36. e5 dxe5 37. fxe5 Nh7 38. Bg4 Qa7+ 39. Kh1 a5 40. Nf5 Bb4 41. Qg3 Ng5 42. Bf3 c3 43. Bc1 Qd7 44. Qg4 c2 45. Rg1 Bc5 46. Bxg5 Rxe5 47. Bf6 g6 48. Bxe5 Qxf5 49. Qxf5 gxf5 50. Rc1 Bd3 51. Bf4 Ba3 52. Kg1 Kf8 53. Kf2 Ke7 54. Ke1 Bb4+ 55. Bd2 Ba3 56. Be2 Be4 57. Kf2 Kd6 58. Bc4 Bc5+ 59. Be3 1-0


[Site "https://www.chess.com"]

[Event "Titled Tuesday Blitz August 22 Late 2023"]
[White "Jakubowski, Krzysztof"]
[Black "Bauman_Guy"]
[WhiteFideId "1112848"]
[WhiteElo "2651"]
[BlackElo "2798"]
[Result "0-1"]
[Round "11"]
[TimeControl "180+1"]
[Date "2023.08.22"]
[WhiteClock "0:00:23"]
[BlackClock "0:00:49"]
[Board "19"]

1. e4 c5 2. Nf3 d6 3. d4 Nf6 4. Nc3 cxd4 5. Nxd4 a6 6. Be3 e5 7. Nb3 Be6 8. h3 Nc6 9. Qf3 Rc8 10. O-O-O Nb4 11. g4 d5 12. g5 Nxe4 13. Nxe4 Nxc2 14. Nc3 Nxe3 15. fxe3 Bb4 16. Qg3 Bxc3 17. bxc3 Rxc3+ 18. Kb2 Qc7 19. Bd3 O-O 20. Rc1 Rc8 21. Qh2 d4 22. exd4 Bxb3 23. Qd2 Rxc1 24. Rxc1 Qxc1+ 25. Qxc1 Rxc1 26. Kxc1 Bxa2 27. dxe5 h6 28. h4 hxg5 29. hxg5 Kf8 30. Kb2 Bd5 31. Ka3 Ke7 32. Bf5 b6 33. Kb4 Bc6 34. Bg4 a5+ 35. Kc4 Bd7 36. Bd1 b5+ 37. Kd5 b4 38. Kc5 Be6 39. Bc2 b3 40. Bb1 a4 41. Kb4 Bd7 42. g6 fxg6 43. Bxg6 Ke6 0-1


[Site "https://www.chess.com"]

[Event "Titled Tuesday Blitz August 22 Late 2023"]
[White "Trifan, Andrei Ioan"]
[Black "Leiva, Gianmarco"]
[WhiteFideId "12967068"]
[BlackFideId "3804399"]
[WhiteElo "2591"]
[BlackElo "2759"]
[Result "0-1"]
[Round "11"]
[TimeControl "180+1"]
[Date "2023.08.22"]
[WhiteClock "0:00:17"]
[BlackClock "0:00:06"]
[Board "20"]

1. Nf3 d5 2. b3 Bg4 3. Bb2 c6 4. e3 Nd7 5. Be2 e6 6. O-O Ngf6 7. d4 Bd6 8. Nbd2 Qb8 9. h3 Bf5 10. Nh4 Be4 11. Nhf3 h6 12. c4 Bh7 13. Re1 O-O 14. a3 b5 15. c5 Bc7 16. b4 a5 17. Bc3 a4 18. Qc1 Ne4 19. Nxe4 dxe4 20. Nd2 f5 21. f3 Nf6 22. fxe4 fxe4 23. Bb2 Qe8 24. Qd1 Qg6 25. Nf1 Nd5 26. Bh5 Qg5 27. Qg4 Qe7 28. Bg6 Bxg6 29. Qxg6 Rf5 30. Nd2 Nf6 31. d5 cxd5 32. Rf1 Qf7 33. Qxf7+ Kxf7 34. g4 Rxf1+ 35. Rxf1 Ke7 36. Kg2 Nd7 37. Bxg7 h5 38. gxh5 Rg8 39. h6 Be5 40. Kh1 Bxg7 41. Rg1 Kf7 42. c6 Nb6 43. Rxg7+ Rxg7 44. hxg7 Kxg7 45. h4 Kg6 46. Kg2 Kf5 47. Kh3 e5 48. h5 Kg5 49. Nf1 Kxh5 50. Ng3+ Kg5 51. Ne2 Kf5 52. Kh4 Ke6 53. Kg5 Kd6 54. Kf6 Nc4 55. c7 Kxc7 56. Ke6 Kc6 57. Nc3 Nxe3 58. Kxe5 Nc4+ 59. Kd4 Nb6 60. Ke5 Nc4+ 61. Kd4 e3 62. Ne2 Kd6 63. Nc3 Kc6 64. Ne2 Nxa3 65. Kxe3 Nc2+ 66. Kd3 Nxb4+ 67. Kc3 Kc5 68. Nf4 Nc6 69. Nd3+ Kd6 70. Nc1 b4+ 71. Kd3 Kc5 72. Kc2 d4 73. Nd3+ Kc4 74. Nb2+ Kb5 75. Nd3 b3+ 76. Kb1 Kc4 77. Nc1 a3 78. Ne2 Nb4 79. Nf4 a2+ 80. Kb2 Nc2 81. Kc1 a1=Q+ 0-1


[Site "https://www.chess.com"]

[Event "Titled Tuesday Blitz August 22 Late 2023"]
[White "Glavina, Pablo"]
[Black "Salimova, Nurgyul"]
[WhiteFideId "100234"]
[BlackFideId "2915138"]
[WhiteElo "2575"]
[BlackElo "2700"]
[Result "0-1"]
[Round "11"]
[TimeControl "180+1"]
[Date "2023.08.22"]
[WhiteClock "0:00:04"]
[BlackClock "0:00:25"]
[Board "21"]

1. c4 e6 2. g3 d5 3. Bg2 Nf6 4. Nf3 Be7 5. d4 O-O 6. Nc3 dxc4 7. Ne5 c5 8. dxc5 Qxd1+ 9. Nxd1 Bxc5 10. O-O Nd5 11. Nxc4 Nc6 12. Nde3 Nd4 13. Re1 Rd8 14. Bd2 Bd7 15. Rac1 Bb5 16. b3 Rac8 17. Nd1 Bb4 18. Bxb4 Nxb4 19. Bxb7 Rc7 20. Bg2 Nxa2 21. Ra1 Nc2 22. Rxa2 Nxe1 23. Nde3 Nxg2 24. Kxg2 g6 25. h4 Kg7 26. Ne5 f6 27. Nf3 h5 28. g4 hxg4 29. Nxg4 e5 30. Kg3 Rd1 31. Ne3 Rb1 32. Ra3 Bxe2 33. Nd2 Rg1+ 34. Kh2 Rgc1 35. Kg2 Rd7 36. Ne4 Rc6 37. Ra5 Bd3 38. Nc5 Rd4 39. Rxa7+ Kh6 40. Nxd3 Rxd3 41. Ng4+ Kh5 42. f3 Kxh4 43. Rh7+ Kg5 44. Kg3 Rxb3 45. Rf7 e4 46. Nh2 Rcc3 47. Kg2 exf3+ 48. Kf2 Rc2+ 49. Kg3 f2+ 50. Kg2 f1=Q+ 51. Kxf1 0-1


[Site "https://www.chess.com"]

[Event "Titled Tuesday Blitz August 22 Late 2023"]
[White "Chigaev, Maksim"]
[Black "Guerra Tulcan, Lenin"]
[WhiteFideId "4108116"]
[BlackFideId "3601382"]
[WhiteElo "2947"]
[BlackElo "2581"]
[Result "1-0"]
[Round "11"]
[TimeControl "180+1"]
[Date "2023.08.22"]
[WhiteClock "0:01:03"]
[BlackClock "0:00:06"]
[Board "22"]

1. e4 c5 2. Ne2 e6 3. Nbc3 Nc6 4. d4 cxd4 5. Nxd4 Qc7 6. Be2 a6 7. Qd3 Nxd4 8. Qxd4 Ne7 9. Be3 Nc6 10. Qb6 Qxb6 11. Bxb6 Bb4 12. O-O-O O-O 13. Na4 Re8 14. a3 Be7 15. f4 d6 16. Rhe1 Bd7 17. Kb1 Na7 18. Nc3 Nc8 19. Be3 Bc6 20. Bf3 b5 21. f5 Rb8 22. Ne2 e5 23. Nc3 Nb6 24. Bxb6 Rxb6 25. Nd5 Bxd5 26. Rxd5 Rc8 27. Be2 Rc5 28. Red1 Rxd5 29. Rxd5 Kf8 30. c3 Ke8 31. b4 Kd7 32. Kc2 Kc7 33. Kb3 Rc6 34. c4 bxc4+ 35. Bxc4 f6 36. Ra5 Kb7 37. Bd5 Bd8 38. Bxc6+ Kxc6 39. Rxa6+ Kd7 40. Ra7+ Kc6 41. Kc4 Bb6 42. b5# 1-0


[Site "https://www.chess.com"]

[Event "Titled Tuesday Blitz August 22 Late 2023"]
[White "Shuvalova, Polina"]
[Black "Santos Latasa, Jaime"]
[WhiteFideId "24171760"]
[BlackFideId "2293307"]
[WhiteElo "2668"]
[BlackElo "2943"]
[Result "0-1"]
[Round "11"]
[TimeControl "180+1"]
[Date "2023.08.22"]
[WhiteClock "0:00:02"]
[BlackClock "0:00:27"]
[Board "23"]

1. e4 c5 2. Nf3 Nc6 3. Bb5 e6 4. O-O Nge7 5. Re1 a6 6. Bf1 d5 7. exd5 Nxd5 8. Nc3 Nf6 9. d3 Be7 10. Be3 Ng4 11. Bf4 O-O 12. h3 Nf6 13. Ne4 Nd5 14. Bd2 e5 15. c3 Kh8 16. Qc2 Bf5 17. Rad1 Qc7 18. a3 Rad8 19. g3 h6 20. Bg2 Bh7 21. c4 Nb6 22. Be3 Nd4 23. Bxd4 cxd4 24. g4 Rfe8 25. Ng3 Bf8 26. Nh4 a5 27. Re2 Nd7 28. Rde1 Nc5 29. Nhf5 f6 30. b4 axb4 31. axb4 Ne6 32. b5 Nf4 33. Kh2 Ra8 34. Be4 Red8 35. Rd2 Bb4 36. Nh4 Bxe4 37. Rxe4 Bxd2 38. Qxd2 Ra3 39. Rxf4 exf4 40. Ng6+ Kg8 41. Nf5 f3+ 42. Ng3 Re8 43. h4 Re2 44. Qc1 Rxf2+ 45. Kh3 Raa2 46. g5 Qd7+ 47. Nf5 Qxf5+ 48. Kg3 Rg2# 0-1


[Site "https://www.chess.com"]